 Dungeon Crawl Stone Soup version 0.31.0-9-g3a7656b989 (webtiles) character file.

Game seed: 12133569056131739300

623 Couri the Sneak (level 7, -2/32 HPs)
             Began as a Vine Stalker Enchanter on Feb 4, 2024.
             Slain by a scorpion (3 damage)
             ... on level 5 of the Dungeon.
             The game lasted 00:13:46 (3767 turns).

Couri the Sneak (Vine Stalker Enchanter)            Turns: 3767, Time: 00:13:48

Health: -2/32      AC:  3    Str: 16    XL:     7   Next: 46%
Magic:  0/11       EV: 12    Int: 15    God:
Gold:   148        SH:  0    Dex: 17    Spells: 10/10 levels left

rFire   . . .        r - +1 dagger (venom)
rCold   . . .        (no shield)
rNeg    . . .        p - +0 leather armour
rPois   .            (no helmet)
rElec   .            (no cloak)
rCorr   .            (no gloves)
SInv    .            (no boots)
Will    +....        (no amulet)
Stlth   +++          k - ring of willpower
HPRegen 1.05/turn    E - +6 ring of strength
MPRegen 0.12/turn

%: guardian spirit
@: lethally poisoned (-2 -> -3)
A: fangs 2, regeneration 1, magic shield, antimagic bite, no potion heal 2
a: no special abilities


You were on level 5 of the Dungeon.
You visited 1 branch of the dungeon, and saw 5 of its levels.

You collected 253 gold pieces.
You spent 105 gold pieces at shops.

Inventory:

Hand Weapons
 a - a +1 dagger
 l - a +0 whip
 n - a +0 mace of holy wrath
 r - a +1 dagger of venom (weapon)
Missiles
 C - a throwing net (quivered)
Armour
 b - a +0 robe
 e - a +0 ring mail
 p - a +0 leather armour (worn)
 q - an orb of light
 v - a +0 pair of boots
 y - a +0 ring mail of fire resistance
Jewellery
 i - an amulet of guardian spirit
 k - a ring of willpower (left hand)
 E - a +6 ring of strength (right hand)
Scrolls
 f - a scroll of revelation {unknown}
 g - 2 scrolls of noise {unknown}
 h - 5 scrolls of identify
 m - 2 scrolls of enchant armour {unknown}
 o - a scroll of vulnerability {unknown}
 u - a scroll of silence {unknown}
 w - a scroll of poison
 x - a scroll of blinking {unknown}
 D - a scroll of fear {unknown}
Potions
 c - 2 potions of invisibility
 d - a potion of enlightenment {unknown}
 j - a potion of haste {unknown}
 s - a potion of attraction {unknown}
 t - a potion of degeneration {unknown}
 z - a potion of lignification {unknown}
 A - 2 potions of cancellation {unknown}
 B - a potion of curing {unknown}


   Skills:
 * Level 5.8 Short Blades
 - Level 1.6 Dodging
 + Level 6.9 Stealth
 - Level 2.2 Spellcasting
 - Level 3.0 Hexes


You had 10 spell levels left.
You didn't know any spells.
Your spell library contained the following spells:

 Spells                   Type           Power      Damage    Failure   Level
 Ensorcelled Hibernation  Hex/Ice        12%        N/A       22%         2
 Confusing Touch          Hex            10%        N/A       22%         3
 Tukima's Dance           Hex            10%        N/A       22%         3
 Dazzling Flash           Conj/Hex       12%        N/A       41%         3


Dungeon Overview and Level Annotations

Branches:
Dungeon (5/15)
 Temple: D:4-7

Altars:
Cheibriados
Makhleb
Trog
Zin

Shops:
D:1 [   D:4 *


Innate Abilities, Weirdness & Mutations

You have extremely sharp teeth.
Your natural rate of healing is unusually fast.
When hurt, damage is shared between your health and your magic reserves.
Your bite disrupts and absorbs the magic of your enemies.
Potions cannot restore your health.


Message History

The scorpion poisons you!
The ufetubus hits you but does no damage.
The ufetubus hits you.
You feel very sick. The ufetubus misses you.
The ufetubus hits you but does no damage.
You feel very sick.
You feel very sick. The ufetubus attacks as it pursues you!
The ufetubus hits you.
The ufetubus hits you but does no damage.
You feel sick. The adder closely misses you. The ufetubus hits you.
The ufetubus barely misses you.
You barely miss the ufetubus.
You feel sick. The adder bites you but does no damage. The ufetubus hits you.
The ufetubus barely misses you.
You hit the ufetubus.
The ufetubus is poisoned.
You bite the ufetubus, but do no damage.
The ufetubus is lightly wounded.
The adder bites you. The ufetubus slips past you! The ufetubus hits you.
The ufetubus closely misses you.
You barely miss the ufetubus. Your bite misses the ufetubus.
The ufetubus is almost dead.
You feel sick.
You kill the ufetubus!
The ufetubus closely misses you. x2; The adder closely misses you.
You hit the ufetubus. Your bite misses the ufetubus.
The ufetubus is severely wounded.
You feel sick. The ufetubus hits you.
* * * LOW HITPOINT WARNING * * *
The ufetubus hits you.
* * * LOW HITPOINT WARNING * * *
The adder bites you.
* * * LOW HITPOINT WARNING * * *
You closely miss the scorpion.
You bite the scorpion, but do no damage.
The ufetubus hits you but does no damage.
The ufetubus hits you.
* * * LOW HITPOINT WARNING * * *
The scorpion stings you.
You die...

##########.............#
#..).#.. #....# #.............#
#....... #....####.............#
#<...###
#.......≈≈≈≈≈≈≈.≈≈≈≈≈≈≈##....#
###.....≈#####≈.≈#####≈##....#
#.....≈#≈≈≈#≈.≈#≈≈≈#≈##....##
#.....≈#≈_......._≈#≈##.....#
####.....≈#≈≈≈#≈5≈#≈≈≈# ##.....#
.........≈#####≈@≈#####≈##.....#
####.....≈≈≈≈≈≈≈sS≈≈≈≈≈≈##.....#
.....................(..########
........####............#
........######..........#
#....†.....# #..........#
##########.# #..........#
%........#.# #$........)#
.####..#.#.# #..........#


You could see a scorpion, an adder and an ufetubus (very poisoned).

Vanquished Creatures
  An ogre (D:4)
  A howler monkey (D:5)
  A bombardier beetle (D:4)
  5 hounds
  A sleepcap (D:4)
  3 orc wizards
  4 gnolls (D:5)
  7 adders
  A white imp (D:5)
  3 ufetubi (D:5)
  3 dart slugs
  2 ribbon worms
  12 orcs
  5 bats
  5 endoplasms
  A giant cockroach (D:2)
  7 goblins
  4 hobgoblins
  3 jackals (D:4)
  3 quokkas
  7 ball pythons
  4 frilled lizards
  6 kobolds
  8 rats
97 creatures vanquished.

Notes
Turn   | Place    | Note
-------+----------+-------------------------------------------
     0 | D:1      | Couri the Vine Stalker Enchanter began the quest for the
                  | Orb.
     0 | D:1      | Reached XP level 1. HP: 9/9 MP: 4/4
    78 | D:1      | Found Qaonwue's Antique Armour Shoppe.
   142 | D:1      | Found a faded altar of an unknown god.
   157 | D:1      | Reached skill level 1 in Short Blades
   243 | D:1      | Reached XP level 2. HP: 13/13 MP: 6/6
   372 | D:1      | Reached skill level 4 in Stealth
   732 | D:2      | Reached XP level 3. HP: 9/16 MP: 4/7
   905 | D:2      | You fall into a shaft and drop 2 floors!
  1289 | D:3      | Reached XP level 4. HP: 21/21 MP: 8/8
  1359 | D:3      | Reached skill level 5 in Stealth
  1359 | D:3      | Reached XP level 5. HP: 19/24 MP: 5/9
  2653 | D:4      | Reached XP level 6. HP: 28/28 MP: 10/10
  2708 | D:4      | Found Zoossos's General Store.
  2744 | D:4      | Bought a +0 pair of boots for 45 gold pieces
  2744 | D:4      | Bought a scroll of identify for 20 gold pieces
  2744 | D:4      | Bought a scroll of poison for 40 gold pieces
  2812 | D:4      | Reached skill level 6 in Stealth
  2816 | D:4      | Reached skill level 5 in Short Blades
  2984 | D:4      | Found a glowing silver altar of Zin.
  2985 | D:4      | Noticed an angel
  3128 | D:5      | Entered Level 5 of the Dungeon
  3163 | D:5      | Reached XP level 7. HP: 32/32 MP: 11/11
  3557 | D:5      | Found a snail-covered altar of Cheibriados.
  3748 | D:5      | Found a bloodstained altar of Trog.
  3748 | D:5      | Found a burning altar of Makhleb.
  3767 | D:5      | HP: 1/32 [ufetubus (4)]
  3767 | D:5      | Slain by a scorpion

Illustrated notes

Levels and vault maps discovered:
D:1:      dpeg_arrival_court, layout_rooms, serial_shops,
          nicolae_shop_dealshenge, nicolae_ecumenical_lake_church,
          roderic_roman_lattice, serial_park_tiny_2
D:2:      layout_basic
D:3:      layout_basic
D:4:      layout_cave_pools, zin_angel, serial_shops, shop
D:5:      layout_basic, slow_altar_2, nicolae_overflow_two_pavilions

Skill      XL: |  1  2  3  4  5  6 |
---------------+-------------------+-----
Short Blades   | 1 2 3 4 5 |  5.8
Stealth        | 4 5 6 |  6.9
Dodging        | |  1.6
Spellcasting   | |  2.2
Hexes          | |  3.0

Action                     |  1- 3 |  4- 6 |  7- 9 || total
---------------------------+-------+-------+-------++-------
  Melee: Dagger            |   100 |   123 |    73 ||   296
         Bite              |    28 |    31 |    31 ||    90
         Punch             |     2 |     2 |       ||     4
   Stab: Sleeping          |     9 |    15 |       ||    24
 Armour: Robe              |    46 |     8 |       ||    54
         Leather armour    |       |    64 |    76 ||   140
  Dodge: Dodged            |    52 |    60 |    43 ||   155
